 Dungeon Crawl Stone Soup version 0.28-a0-422-gd71735cc25 (webtiles) character file.

Game seed: 12993125404089874321

233 avis the Insei (level 6, -1/42 HPs)
             Began as an Octopode Transmuter on Sept 9, 2021.
             Slain by a quokka (4 damage)
             ... on level 4 of the Dungeon.
             The game lasted 00:16:29 (3502 turns).

avis the Insei (Octopode Transmuter)                Turns: 3502, Time: 00:16:29

Health: -1/42      AC:  2    Str: 11    XL:     6   Next: 5%
Magic:  7/9        EV: 19    Int: 15    God:
Gold:   140        SH:  0    Dex: 18    Spells: 5/9 levels left

rFire   . . .      SeeInvis .     - Unarmed
rCold   . . .      Faith    .   (shield currently unavailable)
rNeg    . . .      Spirit   .   (helmet currently unavailable)
rPois   x          Reflect  .   (no amulet)
rElec   .          Harm     .   (no ring)
rCorr   .          Rampage  .   (no ring)
Will    .....                   (no ring)
Stlth   ++........              (no ring)
HPRegen 0.14/turn               (no ring)
MPRegen 0.11/turn               (no ring)
                                (no ring)
                                (no ring)

@: spider-form
A: venomous fangs, almost no armour, (amphibious), 8 rings, tiny, (camouflage
1), (gelatinous body 1), (nimble swimmer 1), (tentacles)
a: End Transformation


You were on level 4 of the Dungeon.
You were a venomous arachnid creature.
You visited 1 branch of the dungeon, and saw 4 of its levels.

You collected 140 gold pieces.

Inventory:

Hand Weapons
 a - a +1 vampiric short sword (melded)
 b - a +0 hunting sling
Missiles
 d - 147 stones
 f - 41 sling bullets
 g - 14 boomerangs
 n - 34 arrows
 s - 17 poisoned darts
Scrolls
 h - a scroll of immolation {unknown}
 i - 4 scrolls of enchant weapon {unknown}
 j - a scroll of brand weapon {unknown}
 k - 3 scrolls of identify {unknown}
 l - 2 scrolls of enchant armour {unknown}
 m - a scroll of teleportation {unknown}
 r - a scroll of amnesia {unknown}
Potions
 c - a potion of attraction {unknown}
 e - a potion of curing {unknown}
 o - a potion of might {unknown}
 p - a potion of lignification {unknown}
 q - a potion of ambrosia {unknown}


   Skills:
 - Level 3.0 Fighting
 - Level 2.0 Dodging
 - Level 3.0 Stealth
 * Level 4.3 Unarmed Combat
 - Level 2.0 Spellcasting
 - Level 3.0 Transmutations
 - Level 2.0 Poison Magic


You had 5 spell levels left.
You knew the following spells:

 Your Spells              Type           Power      Damage    Failure   Level
a - Beastly Appendage     Tmut           20%        N/A       17%         1
p - Spider Form           Tmut/Pois      4%         N/A       45%         3

Your spell library contained the following spells:

 Spells                   Type           Power      Damage    Failure   Level
 Wereblood                Tmut           10%        N/A       24%         2
 Frozen Ramparts          Ice            2%         1d2       75%         3
 Ice Form                 Ice/Tmut       6%         N/A       89%         4
 Summon Ice Beast         Ice/Summ       1%         N/A       98%         4


Dungeon Overview and Level Annotations

Branches:
Dungeon (4/15)
 Temple: D:4-7

Altars:

Annotations:
D:3 Grinder


Innate Abilities, Weirdness & Mutations

You are a venomous arachnid creature.
You have poisonous fangs.
You are tiny and dextrous.
Your spellcasting is less reliable in this form.
Your armour is entirely melded.
You are incapable of wielding weapons or throwing items.
You cannot wear most types of armour.
((You are amphibious.))
You can wear up to eight rings at the same time.
((Your skin changes colour to match your surroundings (Stealth+).))
((Your rubbery body absorbs attacks. (AC +1, EV +1)))
((You are camouflaged near water. (Stealth+)))
((You have tentacles for arms and can constrict up to eight enemies at once.))


Message History

Your Unarmed Combat skill increases to level 4!
You have reached level 6!
Your experience leads to an increase in your attributes!
Increase (S)trength, (I)ntelligence, or (D)exterity?
You feel stronger.
Adjust (i)tems, (s)pells, or (a)bilities?
Huh?
The quokka closely misses you.
The ball python hisses angrily.
The ball python closely misses you. The ball python misses you.
The quokka completely misses you. The quokka barely misses you.
The quokka barely misses you.
There is a stone staircase leading up here.
The quokka bites you.
* * * LOW HITPOINT WARNING * * *
The ball python barely misses you. The ball python grabs you.
You stop ascending the stairs.
The ball python constricts you.
* * * LOW HITPOINT WARNING * * *
The ball python's grasp on you weakens, but your attempt to escape fails.
The ball python barely misses you. The ball python constricts you.
* * * LOW HITPOINT WARNING * * *
Casting: Spider Form (quite dangerous; 24% risk of failure)
Confirm with . or Enter, or press ? or * to list all spells.
The spell is quite dangerous to cast (24% risk of failure)!
Continue anyway?
You turn into a venomous arachnid creature.
Your +1 vampiric short sword melds into your body.
You feel the dreadful sensation subside.
The quokka barely misses you. The ball python completely misses you.
The ball python constricts you.
* * * LOW HITPOINT WARNING * * *
The quokka barely misses you.
You escape the ball python's grasp.
The quokka bites you but does no damage.
The quokka closely misses you. The quokka completely misses you.
You bite the quokka!
You kill the quokka!
The quokka bites you.
You die...

#.#....# #..# #.#..#######..#
##.....).......#
#...........S..#####
#.##..###.##).......
#.##....#.##.#.#####
#.##..#.#S##.#.#
##.##....r.##.#.# ##
####...#.##s####.#.########.
.............................
#####...#.##......#########..
##.##.#######.# #####.#
#.##.# #.# #...#.# #.##.# #.#
#...#.#
#.#...######.#####...#.# #.
..........##.........
...#########.........


You could see a quokka and a ball python.

Vanquished Creatures
  Edmund (D:4)
  A centaur skeleton (D:4)
  3 adders
  A worm (D:3)
  A dart slug (D:2)
  2 orcs (D:4)
  7 bats
  8 endoplasms
  2 giant cockroaches
  6 goblins
  4 hobgoblins
  2 jackals (D:1)
  3 quokkas
  9 ball pythons
  3 frilled lizards
  2 kobolds
  5 rats
60 creatures vanquished.

Notes
Turn   | Place    | Note
-------+----------+-------------------------------------------
     0 | D:1      | avis the Octopode Transmuter began the quest for the Orb.
     0 | D:1      | Reached XP level 1. HP: 13/13 MP: 3/3
   142 | D:1      | Reached XP level 2. HP: 6/18 MP: 5/5
   684 | D:1      | Reached skill level 1 in Stealth
   717 | D:1      | Reached XP level 3. HP: 23/24 MP: 4/6
   739 | D:1      | Learned a level 3 spell: Spider Form
   816 | D:1      | You fall into a shaft and drop 1 floor!
  1099 | D:2      | Found a faded altar of an unknown god.
  1570 | D:2      | Reached skill level 1 in Poison Magic
  1570 | D:2      | Reached XP level 4. HP: 19/29 MP: 7/7
  2817 | D:3      | Noticed Grinder
  3309 | D:4      | Noticed Edmund
  3324 | D:4      | Reached XP level 5. HP: 25/35 MP: 6/8
  3471 | D:4      | Killed Edmund
  3472 | D:4      | Reached skill level 4 in Unarmed Combat
  3472 | D:4      | Reached XP level 6. HP: 2/42 MP: 9/9
  3490 | D:4      | HP: 2/42 [constriction (1)]
  3502 | D:4      | Slain by a quokka

Illustrated notes

Levels and vault maps discovered:
D:1:      sevenhm_arrival_forest_fort_large_4, layout_rooms
D:2:      layout_loops_ring, basic_ecumenical_altar, minmay_pentomino_pile
D:3:      layout_basic, uniq_grinder
D:4:      layout_loops_ring, uniq_edmund, uniq_crazy_yiuf_cottage

Skill      XL: |  1  2  3  4  5 |
---------------+----------------+-----
Fighting       | 2 3 |  3.0
Stealth        | 1 3 |  3.0
Transmutations | 3 |  3.0
Poison Magic   | 1 2 |  2.0
Unarmed Combat | 4 |  4.3
Dodging        | |  2.0
Spellcasting   | |  2.0

Action                   |  1- 3 |  4- 6 || total
-------------------------+-------+-------++-------
Melee: Unarmed           |    57 |     5 ||    62
       Constrict         |    15 |    10 ||    25
       Kick              |    11 |     8 ||    19
       Tentacles         |     9 |     5 ||    14
       Short sword       |    10 |    42 ||    52
       Punch             |     1 |     2 ||     3
 Cast: Beastly Appendage |    26 |    22 ||    48
       Spider Form       |     1 |     2 ||     3
 Stab: Sleeping          |     8 |     7 ||    15
Armor: Skin              |     2 |     5 ||     7
Dodge: Dodged            |    30 |    42 ||    72

Table legend: (Time is in decaauts)
 A = Elapsed time spent in this place.
 B = Non-inter-level travel time spent in this place.
 C = Inter-level travel time spent in this place.
 D = Time resting spent in this place.
 E = Time spent auto-exploring this place.
 F = Levels seen in this place.
 G = Mean time per level.
                   A        B        C        D        E       F      G
               +--------+--------+--------+--------+--------+-----+--------+
         Total |   3506 |   3327 |    179 |    886 |   1659 |   4 |  876.5 |
       Dungeon |   3506 |   3327 |    179 |    886 |   1659 |   4 |  876.5 |
               +--------+--------+--------+--------+--------+-----+--------+

Top non-repeatable levels by time:
     D:2: 1175 daAuts
     D:1: 1029 daAuts
     D:3: 877 daAuts
     D:4: 424 daAuts
